 Dungeon Crawl Stone Soup version 0.29-a0-973-gac7da5f7f0 (webtiles) character file.

Game seed: 4778379720681376269

5854 greasedhog the Geomancer (level 10, 0/50 HPs)
             Began as a Gargoyle Earth Elementalist on July 31, 2022.
             Was a Follower of Vehumet.
             Slain by a centaur warrior (2 damage)
             ... on level 9 of the Dungeon.
             The game lasted 00:20:12 (9795 turns).

greasedhog the Geomancer (GrEE)                     Turns: 9795, Time: 00:20:12

Health: 0/50       AC: 11    Str: 11    XL:     10   Next: 81%
Magic:  4/24       EV: 15    Int: 21    God:    Vehumet [*.....]
Gold:   439        SH:  3    Dex: 10    Spells: 10/29 levels left

rFire   . . .      SeeInvis .   q - +0 dagger (venom)
rCold   . . .      Faith    .   A - +0 buckler
rNeg    + + .      Spirit   .   F - +1 robe "Quxestam" {rN+ rCorr}
rPois   ∞          Reflect  .   r - +1 hat
rElec   +          Harm     .   (no cloak)
rCorr   +          Rampage  .   (no gloves)
Will    +....                   (no boots)
Stlth   +++.......              (no amulet)
HPRegen 0.16/turn               d - ring of willpower
MPRegen 0.19/turn               k - +4 ring of evasion

@: no status effects
A: sickness immunity, AC +7, negative energy resistance 1, electricity
resistance, torment resistance 1, petrification resistance
a: Renounce Religion


You were on level 9 of the Dungeon.
You worshipped Vehumet.
Vehumet was aware of your devotion.
You visited 2 branches of the dungeon, and saw 10 of its levels.

You collected 439 gold pieces.

Inventory:

Hand Weapons
 q - a +0 dagger of venom (weapon)
Missiles
 e - 2 throwing nets
 z - a curare-tipped dart
Armour
 r - a +1 hat (worn)
 A - a +0 buckler (worn)
 F - the +1 robe "Quxestam" (worn) {rN+ rCorr}
   (You found it on level 8 of the Dungeon)

   rN:        It protects you from negative energy.
   rCorr:     It protects you from acid and corrosion.
Jewellery
 d - a ring of willpower (left hand)
 k - a +4 ring of evasion (right hand)
 y - a +6 ring of dexterity
 D - a ring of protection from fire
Wands
 c - a wand of light (2)
 G - a wand of polymorph (9)
 H - a wand of mindburst (4)
Scrolls
 a - a scroll of identify
 h - 2 scrolls of immolation
 i - 2 scrolls of silence
 j - 3 scrolls of magic mapping
 l - 3 scrolls of fog {unknown}
 m - a scroll of brand weapon
 p - a scroll of fear
 s - 3 scrolls of blinking
 u - 2 scrolls of poison
 v - a scroll of teleportation
 B - a scroll of enchant weapon
 C - a scroll of amnesia
 E - a scroll of torment
Potions
 b - 4 potions of magic
 f - 3 potions of heal wounds
 g - 2 potions of lignification {unknown}
 n - a potion of might {unknown}
 o - a potion of brilliance {unknown}
 t - 2 potions of curing {unknown}
 x - 2 potions of degeneration {unknown}


   Skills:
 - Level 1.5 Dodging
 - Level 5.0 Stealth
 * Level 10.2 Spellcasting
 - Level 0.7 Transmutations
 * Level 13.4 Earth Magic


You had 10 spell levels left.
You knew the following spells:

 Your Spells              Type           Power      Damage    Failure   Level
a - Sandblast             Erth           100%       2d20      1%          1
b - Stone Arrow           Conj/Erth      76%        3d11      1%          3
c - Petrify               Tmut/Erth      40%        N/A       4%          4
d - Passwall              Tmut/Erth      33%        N/A       1%          2
e - Lee's Rapid Deconstr  Erth           30%        3d17*     1%          5
f - Leda's Liquefaction   Hex/Erth       19%        N/A       5%          4

Your spell library contained the following spells:

 Spells                   Type           Power      Damage    Failure   Level
 Magic Dart               Conj           40%        1d5       9%          1
 Wereblood                Tmut           13%        N/A       10%         2
 Summon Hydra             Summ           5%         N/A       100%        7
 Sublimation of Blood     Necr           Unusable   N/A       N/A         2
 Statue Form              Tmut/Erth      Unusable   N/A       N/A         6

Dungeon Overview and Level Annotations

Branches:
Dungeon (9/15)             Temple (1/1) D:6
   Lair: D:8-11         Orc: D:9-12

Altars:
Ashenzari
Cheibriados
Dithmenos
Elyvilon
Fedhas
Gozag
Hepliaklqana
Kikubaaqudgha
Makhleb
Nemelex Xobeh
Okawaru
Qazlal
Ru
Sif Muna
Trog
Uskayaw
Vehumet
Wu Jian
Xom
Yredelemnul
Zin
The Shining One

Annotations:
D:3 3 runed translucent doors, Yogidamonk's ghost, weakling MiFi
D:8 4 transporters


Innate Abilities, Weirdness & Mutations

You are immune to sickness and miasma.
Your stone body is resilient. (AC +7)
You are immune to poison.
You resist negative energy. (rN+)
You are resistant to electric shocks. (rElec)
You are resistant to unholy torment.
You are immune to petrification.


Message History

The deep elf pyromancer hits you with a +0 long sword.
The stone arrow hits the deep elf pyromancer!
You kill the deep elf pyromancer!
Vehumet accepts your kill.
The centaur warrior shoots an arrow.
The arrow hits you!
The stone arrow misses the centaur warrior.
The centaur warrior unwields a +0 shortbow.
You block the centaur warrior's attack. The centaur warrior closely misses you.
The stone arrow hits the centaur warrior!!
The centaur warrior is heavily wounded.
The centaur warrior hits you.
The centaur warrior kicks you but does no damage.
The centaur warrior hits you.
The centaur warrior kicks you but does no damage.
You are too injured to fight recklessly!
Casting: Stone Arrow (safe; 1% risk of failure)
Confirm with . or Enter, or press ? or * to list all spells.
Aiming: Stone Arrow (safe; 1% risk of failure)
Press: ? - help, Shift-Dir - straight line, f/p - centaur warrior
Aim: a centaur warrior, wearing the ring "Ygeg" {EV+4 Dex+3} (heavily wounded, 67% to hit)
The stone arrow hits the centaur warrior!
The centaur warrior is severely wounded.
The centaur warrior hits you but does no damage.
The centaur warrior kicks you but does no damage.
Casting: Stone Arrow (safe; 1% risk of failure)
Confirm with . or Enter, or press ? or * to list all spells.
Aiming: Stone Arrow (safe; 1% risk of failure)
Press: ? - help, Shift-Dir - straight line, f/p - centaur warrior
Aim: a centaur warrior, wearing the ring "Ygeg" {EV+4 Dex+3} (severely wounded, 67% to hit)
The stone arrow hits the centaur warrior!
The centaur warrior is almost dead.
The centaur warrior hits you!
* * * LOW HITPOINT WARNING * * *
The centaur warrior kicks you.
* * * LOW HITPOINT WARNING * * *
A yak comes into view.
The centaur warrior hits you.
* * * LOW HITPOINT WARNING * * *
The centaur warrior kicks you.
You die...

#.##...####^.#
#.###.....#..#
#####.###.###.#..#
...<...).)..#.#..#
#..###...........#
#..##............#
#..##.#...###.#..#
......#...# #.#..#
#..####...###.#.@#
#..####........)c####..c
#..#......###..#.....c#
..........###.Y####...#
...#.....†...... $.#
#.##.#...#####.# .#
#.##.....# # #.##.#.)##
#.#.....#


You could see a centaur warrior and a yak (wandering).

Vanquished Creatures
  A two-headed ogre (D:9)
  Pikel (D:5)
  A deep elf pyromancer (D:9)
  An ugly thing (D:8)
  A wyvern (D:7)
  A yak (D:9)
  Eustachio (D:4)
  A water moccasin (D:8)
  2 orc warriors (D:8)
  2 ice beasts (D:6)
  An ogre (D:6)
  A sky beast (D:7)
  A black bear (D:6)
  6 centaurs
  A lemure (D:5)
  3 phantoms
  2 kobold brigands
  Blork the orc (D:4)
  3 bullfrogs
  2 gnoll sergeants (D:6)
  2 necrophages
  2 scorpions
  4 wights
  5 killer bees (D:9)
  4 howler monkeys
  4 hounds
  5 orc priests
  A jelly (D:7)
  A gnoll bouda (D:7)
  2 iguanas
  5 orc wizards
  18 gnolls
  6 adders
  A shadow imp (D:6)
  3 white imps
  A worm (D:2)
  3 dart slugs
  13 orcs
  8 bats
  10 endoplasms
  5 giant cockroaches
  3 hobgoblins
  2 jackals (D:1)
  9 kobolds
  4 quokkas
  11 ball pythons
  7 goblins
172 creatures vanquished.

Notes
Turn   | Place    | Note
-------+----------+-------------------------------------------
     0 | D:1      | greasedhog the Gargoyle Earth Elementalist began the quest
                  | for the Orb.
     0 | D:1      | Reached XP level 1. HP: 10/10 MP: 3/3
   697 | D:1      | Reached XP level 2. HP: 15/15 MP: 3/5
   892 | D:1      | Reached skill level 4 in Earth Magic
  1104 | D:1      | Reached XP level 3. HP: 19/19 MP: 4/6
  1108 | D:1      | Learned a level 3 spell: Stone Arrow
  1314 | D:2      | Found a sacrificial altar of Ru.
  2144 | D:3      | Reached XP level 4. HP: 24/24 MP: 6/8
  2555 | D:3      | Reached XP level 5. HP: 23/28 MP: 4/9
  2867 | D:3      | Reached skill level 5 in Earth Magic
  2936 | D:3      | Found a runed translucent gate.
  2937 | D:3      | Found a runed translucent gate.
  2938 | D:3      | Found a runed translucent gate.
  2938 | D:3      | Noticed Yogidamonk's ghost (weakling MiFi)
  3144 | D:3      | Learned a level 4 spell: Petrify
  3148 | D:3      | Learned a level 2 spell: Passwall
  3638 | D:4      | Noticed Eustachio
  3678 | D:4      | Noticed Blork the orc
  3680 | D:4      | Killed Eustachio
  3681 | D:4      | Reached XP level 6. HP: 32/32 MP: 9/11
  3684 | D:4      | Killed Blork the orc
  3780 | D:4      | Reached skill level 5 in Stealth
  4212 | D:5      | Entered Level 5 of the Dungeon
  4215 | D:5      | Reached skill level 6 in Earth Magic
  4300 | D:5      | Reached XP level 7. HP: 36/36 MP: 7/13
  4746 | D:5      | Learned a level 5 spell: Lee's Rapid Deconstruction
  4979 | D:5      | Reached skill level 7 in Earth Magic
  5060 | D:5      | Reached skill level 5 in Spellcasting
  5166 | D:5      | Noticed Pikel
  5199 | D:5      | Killed Pikel
  5200 | D:5      | Reached skill level 8 in Earth Magic
  5200 | D:5      | Reached XP level 8. HP: 23/41 MP: 14/17
  5584 | D:6      | Reached skill level 9 in Earth Magic
  5966 | D:6      | Reached XP level 9. HP: 45/45 MP: 16/19
  6102 | D:6      | Reached skill level 10 in Earth Magic
  6437 | D:6      | Found a broken altar of Ashenzari.
  6437 | D:6      | Found a snail-covered altar of Cheibriados.
  6445 | D:6      | Found a faded altar of an unknown god.
  6447 | D:6      | Found a faded altar of an unknown god.
  6449 | D:6      | Found an ancient bone altar of Kikubaaqudgha.
  6574 | D:6      | Found a staircase to the Ecumenical Temple.
  6668 | Temple   | Entered the Ecumenical Temple
  7222 | D:7      | Learned a level 4 spell: Leda's Liquefaction
  7318 | D:7      | Found a radiant altar of Vehumet.
  7327 | D:7      | Became a worshipper of Vehumet
  7475 | D:7      | Reached skill level 11 in Earth Magic
  7507 | D:7      | Found a blossoming altar of Fedhas.
  7886 | D:8      | Reached XP level 10. HP: 50/50 MP: 17/22
  8210 | D:8      | Reached * piety under Vehumet
  8210 | D:8      | Offered knowledge of Magic Dart by Vehumet.
  8211 | D:8      | Reached skill level 12 in Earth Magic
  8535 | D:8      | Identified the +1 robe "Quxestam" {rN+ rCorr}
  8662 | D:8      | Found a transporter.
  8664 | D:8      | Found a transporter.
  8667 | D:8      | Found a transporter.
  8667 | D:8      | Found a transporter.
  8917 | D:9      | Noticed a red ugly thing
  8936 | D:8      | Killed a red ugly thing
  9299 | D:9      | Noticed a two-headed ogre
  9304 | D:9      | Killed a two-headed ogre
  9705 | D:9      | Reached skill level 13 in Earth Magic
  9709 | D:9      | Reached skill level 10 in Spellcasting
  9784 | D:9      | Identified the ring "Ygeg" {EV+4 Dex+3}
  9784 | D:9      | Noticed a centaur warrior
  9788 | D:9      | Noticed a deep elf pyromancer
  9791 | D:9      | Killed a deep elf pyromancer
  9795 | D:9      | HP: 2/50 [centaur warrior (5)]
  9795 | D:9      | Slain by a centaur warrior

Illustrated notes

Levels and vault maps discovered:
D:1:      dpeg_arrival_houses_and_road, layout_basic, roderic_serpentine_path
D:2:      layout_loops_ring, basic_altar
D:3:      layout_loops_cross, ebering_ghost_rock_garden,
          ebering_dispersal_statue_hall
D:4:      layout_basic, uniq_eustachio, uniq_blork_the_orc
D:5:      layout_loops_cross, uniq_pikel
D:6:      minmay_chambers_of_fours, layout_basic,
          chequers_temple_overflow_minitemple, minmay_temple_entry_proselytizer,
          minmay_misc_feat_nine_boxes, supply_closet_lemuel, grunt_ministairs_6
D:7:      layout_rooms, mainiacjoe_overflow_alcove_4, nicolae_vehumet_radiance
D:8:      layout_rooms, nicolae_diode_quadrants
D:9:      minmay_the_grid_triangle_9x9_recursive_2
          [minmay_the_grid_triangle_9x9_prize_special,
          minmay_the_grid_triangle_9x9_sparse_checkered,
          minmay_the_grid_triangle_9x9_windchime,
          minmay_the_grid_triangle_9x9_dagger], layout_loops_ring
Temple:   bh_familiar_temple

Skill      XL: |  1  2  3  4  5  6  7  8  9 10 |
---------------+-------------------------------+-----
Earth Magic    | 4 5 6 8 9 11 13 | 13.4
Stealth        | 3 4 5 |  5.0
Spellcasting   | 3 4 6 7 8 10 | 10.2
Dodging        | |  1.5
Transmutations | |  0.7

Action                   |  1- 3 |  4- 6 |  7- 9 | 10-12 || total
-------------------------+-------+-------+-------+-------++-------
Melee: Unarmed           |     8 |       |       |       ||     8
       Club              |     2 |       |       |       ||     2
       Dagger            |       |    10 |     3 |     3 ||    16
Throw: Throwing net      |       |     4 |       |       ||     4
 Cast: Sandblast         |    59 |    61 |   123 |    43 ||   286
       Passwall          |       |     1 |       |       ||     1
       Stone Arrow       |       |       |    15 |    12 ||    27
       Petrify           |       |       |       |     2 ||     2
       Lee's Rapid Decon |       |       |       |     1 ||     1
Evoke: Wand              |       |     6 |     4 |     8 ||    18
  Use: Scroll            |     4 |       |     7 |     5 ||    16
       Potion            |       |     2 |       |       ||     2
 Stab: Held in net/web   |       |     1 |       |       ||     1
Armor: Robe              |    10 |     9 |    30 |    23 ||    72
Dodge: Dodged            |    29 |    48 |    52 |    51 ||   180
Block: Buckler           |       |       |     1 |     4 ||     5

Table legend: (Time is in decaauts)
 A = Elapsed time spent in this place.
 B = Non-inter-level travel time spent in this place.
 C = Inter-level travel time spent in this place.
 D = Time resting spent in this place.
 E = Time spent auto-exploring this place.
 F = Levels seen in this place.
 G = Mean time per level.
                   A        B        C        D        E       F      G
               +--------+--------+--------+--------+--------+-----+--------+
         Total |  10084 |   9873 |    211 |   1162 |   7233 |  10 | 1008.4 |
       Dungeon |   9892 |   9713 |    179 |   1162 |   7080 |   9 | 1099.1 |
        Temple |    191 |    159 |     32 |      0 |    153 |   1 |  191.0 |
               +--------+--------+--------+--------+--------+-----+--------+

Top non-repeatable levels by time:
     D:6: 1588 daAuts
     D:3: 1380 daAuts
     D:5: 1295 daAuts
     D:1: 1260 daAuts
     D:8: 1128 daAuts
     D:7: 957 daAuts
     D:4: 881 daAuts
     D:2: 792 daAuts
     D:9: 606 daAuts
  Temple: 191 daAuts
